[Event "Titled Tuesday Blitz February 21 Late 2023"]
[White "Ozer, Omer Faruk"]
[Black "Rodriguez Fontecha, Marcos"]
[WhiteFideId "6354564"]
[BlackFideId "2256576"]
[WhiteElo "2360"]
[BlackElo "2309"]
[Result "1-0"]
[Round "04"]
[TimeControl "180+2"]
[Date "2023.02.21"]
[WhiteClock "0:02:02"]
[BlackClock "0:01:17"]

1. e4 e6 2. d3 d5 3. Nd2 Nf6 4. Ngf3 Nc6 5. Be2 dxe4 6. dxe4 e5 7. O-O Bc5 8. c3 a5 9. a4 O-O 10. Qc2 Qe7 11. Nc4 Bg4 12. Ne3 Bh5 13. Nf5 Qe8 14. Bg5 Nd7 15. Rad1 f6 16. Bc1 Bf7 17. Bb5 Rd8 18. Qe2 Na7 19. Bc4 Nb6 20. Rxd8 Qxd8 21. Bxf7+ Rxf7 22. b3 Rd7 23. h4 Rd3 24. Qc2 Nc6 25. h5 Rd7 26. N3h4 Nc8 27. Qe2 N6e7 28. Qc4+ 1-0


[Site "https://www.chess.com"]

[Event "Titled Tuesday Blitz February 21 Late 2023"]
[White "Tymrakiewicz, Rafal"]
[Black "Gascon Del Nogal, Jose Rafael"]
[WhiteFideId "1108832"]
[BlackFideId "3902463"]
[WhiteElo "2144"]
[BlackElo "2459"]
[Result "0-1"]
[Round "04"]
[TimeControl "180+2"]
[Date "2023.02.21"]
[WhiteClock "0:00:02"]
[BlackClock "0:00:04"]

1. e4 c5 2. c3 Nf6 3. e5 Nd5 4. Nf3 Nc6 5. g3 d6 6. exd6 Qxd6 7. Bg2 Qe6+ 8. Qe2 Qxe2+ 9. Kxe2 Bg4 10. h3 Bh5 11. d3 O-O-O 12. Nd2 e5 13. Re1 f6 14. Ne4 Be7 15. g4 Bf7 16. Bd2 g5 17. Rad1 h5 18. Ng3 hxg4 19. hxg4 Bf8 20. Rh1 Rxh1 21. Rxh1 Bg6 22. Ne4 b6 23. Rh8 Bg7 24. Rxd8+ Kxd8 25. Nh2 Nde7 26. Nf1 Bf7 27. b3 Be6 28. Bf3 a5 29. Nfg3 Kd7 30. Nh5 Bh8 31. Nhxf6+ Kc7 32. Nh7 a4 33. bxa4 Bxa2 34. Nhxg5 Bb3 35. Nh7 Bxa4 36. Nhf6 Bb3 37. Be3 Bf7 38. c4 Bg6 39. g5 Nf5 40. Bh5 Nfd4+ 41. Bxd4 Nxd4+ 42. Ke3 Bf5 43. Ng4 Ne6 0-1


[Site "https://www.chess.com"]

[Event "Titled Tuesday Blitz February 21 Late 2023"]
[White "Rosenberg, Evan S"]
[Black "Risteski, Emil"]
[WhiteFideId "2019299"]
[BlackFideId "15005267"]
[WhiteElo "1956"]
[BlackElo "2366"]
[Result "1/2-1/2"]
[Round "04"]
[TimeControl "180+2"]
[Date "2023.02.21"]
[WhiteClock "0:00:21"]
[BlackClock "0:00:57"]

1. d4 d6 2. e4 Nf6 3. Nc3 e5 4. dxe5 dxe5 5. Qxd8+ Kxd8 6. Bc4 Ke8 7. f3 c6 8. Be3 b5 9. Bb3 a5 10. a3 Nbd7 11. O-O-O Bc5 12. Bg5 h6 13. Bd2 Ke7 14. Nge2 Nb6 15. Ng3 g6 16. Rhe1 Be6 17. Bxe6 Kxe6 18. Be3 Bxe3+ 19. Rxe3 b4 20. Nb1 Rhd8 21. Rxd8 Rxd8 22. Rd3 Rxd3 23. cxd3 Nfd7 24. Kc2 Nc5 25. axb4 axb4 26. Nd2 h5 27. Ne2 f5 28. d4 Ncd7 29. dxe5 Nxe5 30. Nd4+ Kf6 31. f4 Ng4 32. e5+ Kf7 33. Nxc6 Nd5 34. g3 Nxh2 35. Kb3 Ng4 36. Nxb4 Ke6 37. Nxd5 Kxd5 38. Kc3 Ne3 39. b4 h4 40. gxh4 Ng2 41. b5 Nxf4 42. b6 Kc6 43. Nc4 Nd5+ 44. Kd4 Nxb6 45. Nxb6 Kxb6 46. Kd5 Kc7 47. e6 Kd8 48. Ke5 Ke7 49. h5 gxh5 50. Kxf5 h4 51. Kg4 Kxe6 52. Kxh4 1/2-1/2


[Site "https://www.chess.com"]

[Event "Titled Tuesday Blitz February 21 Late 2023"]
[White "Szyszylo, Rafal"]
[Black "Mustafayev, Farid"]
[WhiteFideId "1109626"]
[BlackFideId "13408771"]
[WhiteElo "2091"]
[BlackElo "2316"]
[Result "0-1"]
[Round "04"]
[TimeControl "180+2"]
[Date "2023.02.21"]
[WhiteClock "0:00:57"]
[BlackClock "0:01:56"]

1. e4 c5 2. Nf3 a6 3. c3 g6 4. d4 cxd4 5. cxd4 Bg7 6. Nc3 d6 7. Be2 Nf6 8. O-O O-O 9. Re1 Nc6 10. h3 b5 11. a3 Bb7 12. Bg5 h6 13. Be3 Rc8 14. Rc1 Na5 15. Qd2 Nb3 16. Qd3 Nxc1 17. Rxc1 Qa5 18. Qd2 Kh7 19. e5 dxe5 20. Nxe5 Nd5 21. Bd3 Nxe3 22. Qxe3 b4 23. axb4 Qxb4 24. Qg3 Bxe5 25. dxe5 Qxb2 26. Rc2 Qa1+ 27. Kh2 Kh8 28. e6 Qa3 29. exf7 Qd6 30. f4 Rxf7 31. Bxg6 Rg8 32. f5 Qxg3+ 33. Kxg3 Rxf5 34. Kg4 Rg5+ 35. Kf4 R8xg6 36. g4 Rf6+ 37. Kg3 Rf3+ 38. Kh4 Rc5 39. Rd2 Rcxc3 40. Rd8+ Kg7 41. Rd3 Rcxd3 42. g5 Rd4+ 43. Kh5 Rxh3# 0-1


[Site "https://www.chess.com"]

[Event "Titled Tuesday Blitz February 21 Late 2023"]
[White "Lerch, Philipp"]
[Black "Panesso Rivera, Henry"]
[WhiteFideId "4654129"]
[BlackFideId "4402707"]
[WhiteElo "2305"]
[BlackElo "2342"]
[Result "0-1"]
[Round "04"]
[TimeControl "180+2"]
[Date "2023.02.21"]
[WhiteClock "0:01:38"]
[BlackClock "0:01:49"]

1. Nf3 Nf6 2. g3 d5 3. Bg2 c6 4. O-O Bg4 5. b3 Nbd7 6. Bb2 e6 7. c4 Bd6 8. d3 O-O 9. Nbd2 Qe7 10. Qc2 Ba3 11. h3 Bxb2 12. Qxb2 Bxf3 13. Nxf3 Rac8 14. d4 Ne4 15. e3 f5 16. Rac1 Qd6 17. b4 b5 18. c5 Qc7 19. a4 Rb8 20. Ra1 a5 21. axb5 Rxb5 22. Rxa5 Qxa5 0-1


[Site "https://www.chess.com"]

[Event "Titled Tuesday Blitz February 21 Late 2023"]
[White "Skvortsov, Andrei"]
[Black "Vaglio Mattey, Emanuel"]
[WhiteFideId "24108600"]
[BlackFideId "6504167"]
[WhiteElo "2313"]
[BlackElo "2155"]
[Result "1/2-1/2"]
[Round "04"]
[TimeControl "180+2"]
[Date "2023.02.21"]
[WhiteClock "0:00:06"]
[BlackClock "0:00:16"]

1. e4 c6 2. e5 d5 3. exd6 exd6 4. d4 Nf6 5. Nf3 d5 6. Bd3 Bd6 7. Qe2+ Be6 8. Ng5 O-O 9. Nxe6 fxe6 10. Qxe6+ Kh8 11. O-O Qc7 12. Qh3 Nbd7 13. Nc3 Qb6 14. Qh4 Rae8 15. Bg5 Qxb2 16. Bd2 Qb6 17. a4 Qc7 18. a5 a6 19. f3 c5 20. dxc5 Qxc5+ 21. Kh1 Be5 22. Na4 Qc6 23. Rab1 d4 24. Nb2 Bc7 25. Nd1 Ne5 26. Nf2 Qd5 27. Ne4 Nxd3 28. cxd3 Bxa5 29. Bxa5 Nxe4 30. Bb4 Nc5 31. Bxc5 Qxc5 32. Rxb7 Qc2 33. Qxd4 Rg8 34. h4 Qe2 35. Rg1 Qd2 36. Qc4 Re1 37. Rxe1 Qxe1+ 38. Kh2 Qe5+ 39. Kh3 Qe1 40. Qe4 Qh1+ 41. Kg3 Qa1 42. Re7 Qf6 43. Re6 Qf8 44. Rxa6 Qb8+ 45. Qf4 Qc8 46. Rd6 Qe8 47. Qe4 Qb8 48. Qf4 Rf8 49. Qe5 Re8 50. Qf4 Rf8 51. Qe5 Re8 52. Qf4 Rf8 1/2-1/2


[Site "https://www.chess.com"]

[Event "Titled Tuesday Blitz February 21 Late 2023"]
[White "Zhurbinsky, David"]
[Black "Gerbelli Neto, Eduardo"]
[WhiteFideId "2072904"]
[BlackFideId "2103281"]
[WhiteElo "2045"]
[BlackElo "2114"]
[Result "1-0"]
[Round "04"]
[TimeControl "180+2"]
[Date "2023.02.21"]
[WhiteClock "0:00:41"]
[BlackClock "0:00:45"]

1. e4 e5 2. Nf3 Nc6 3. Bb5 a6 4. Ba4 d6 5. O-O Bg4 6. c3 Qf6 7. h3 h5 8. d3 Ne7 9. Be3 Bxf3 10. Qxf3 Qxf3 11. gxf3 g5 12. Nd2 f6 13. d4 O-O-O 14. d5 Nb8 15. c4 Nd7 16. b4 Bh6 17. c5 g4 18. Bxh6 Rxh6 19. cxd6 cxd6 20. fxg4 hxg4 21. hxg4 Rg8 22. f3 Ng6 23. Rac1+ Kd8 24. Nc4 Nf4 25. Nxd6 Rh3 26. Rc8+ Ke7 27. Nf5+ Kf7 28. Rxg8 1-0


[Site "https://www.chess.com"]

[Event "Titled Tuesday Blitz February 21 Late 2023"]
[White "Bhavikatti, Neil"]
[Black "Feng, Eric"]
[WhiteFideId "30935024"]
[BlackFideId "30952590"]
[WhiteElo "2051"]
[BlackElo "1951"]
[Result "0-1"]
[Round "04"]
[TimeControl "180+2"]
[Date "2023.02.21"]
[WhiteClock "0:00:29"]
[BlackClock "0:01:50"]

1. d4 Nf6 2. c4 e6 3. Nc3 d5 4. cxd5 exd5 5. Bg5 Be7 6. Qc2 c6 7. e3 Ne4 8. Nxe4 Bxg5 9. Nxg5 Qxg5 10. Nf3 Qf6 11. Bd3 h5 12. O-O Bg4 13. Ne5 Nd7 14. f4 O-O 15. Rae1 Nxe5 16. dxe5 Qh6 17. f5 h4 18. Rf4 Qg5 19. Qf2 Rae8 20. h3 Bxh3 21. Rxh4 Bxg2 22. f6 Be4+ 23. Kh2 Qxe5+ 24. Kh3 Bxd3 25. fxg7 Kxg7 26. Rg1+ Bg6 27. Qf4 Qxe3+ 0-1


[Site "https://www.chess.com"]

[Event "Titled Tuesday Blitz February 21 Late 2023"]
[White "Ladopoulos, Dimitrios"]
[Black "Pino Perez, Lazaro"]
[WhiteFideId "4239580"]
[BlackFideId "3517055"]
[WhiteElo "2391"]
[BlackElo "2142"]
[Result "1-0"]
[Round "04"]
[TimeControl "180+2"]
[Date "2023.02.21"]
[WhiteClock "0:00:03"]
[BlackClock "0:00:08"]

1. d4 d5 2. c4 e6 3. Nf3 Nf6 4. g3 dxc4 5. Bg2 c5 6. O-O Nc6 7. Qa4 Bd7 8. Qxc4 b5 9. Qc2 cxd4 10. Rd1 Rc8 11. Qb3 Be7 12. Bg5 Qb6 13. Na3 a6 14. Rac1 O-O 15. Nc4 Qb8 16. Na3 e5 17. e3 h6 18. Bxf6 Bxf6 19. exd4 exd4 20. Nc2 Be6 21. Qa3 Qb6 22. Nce1 a5 23. Nd3 Rfd8 24. Qc5 Qxc5 25. Rxc5 Ne7 26. Rxb5 Bxa2 27. Rxa5 Bb3 28. Re1 Rc2 29. Bf1 Nc6 30. Ra6 Bc4 31. Rb6 Bxd3 32. Bxd3 Ne7 33. Bxc2 1-0


[Site "https://www.chess.com"]

[Event "Titled Tuesday Blitz February 21 Late 2023"]
[White "Dobrikov, Marco"]
[Black "Buganca, Luiz Henrique Da Silva"]
[WhiteFideId "12950378"]
[BlackFideId "2182289"]
[WhiteElo "2269"]
[BlackElo "1920"]
[Result "1/2-1/2"]
[Round "04"]
[TimeControl "180+2"]
[Date "2023.02.21"]
[WhiteClock "0:00:06"]
[BlackClock "0:00:16"]

1. c4 Nf6 2. Nc3 e6 3. d4 d5 4. cxd5 exd5 5. Bg5 Be7 6. e3 c6 7. Bd3 O-O 8. Nf3 Re8 9. O-O h6 10. Bh4 Ne4 11. Bxe7 Qxe7 12. Qc2 f5 13. Ne5 Nd7 14. f4 Nxe5 15. fxe5 Be6 16. Bxe4 fxe4 17. Na4 Rad8 18. a3 Qg5 19. Qd2 Rf8 20. b4 Bc8 21. Nc3 Rf5 22. Rxf5 Bxf5 23. Rf1 Rf8 24. b5 Bd7 25. Rxf8+ Kxf8 26. a4 Qe7 27. Qb2 Qg5 28. Qf2+ Ke8 29. bxc6 Bxc6 30. h3 Qe7 31. Qg3 g5 32. Qg4 Kd8 33. Qf5 Kc7 34. e6 Qd6 35. a5 a6 36. Kf2 Qb4 37. Ne2 Qe7 38. Qe5+ Kc8 39. Qh8+ Qd8 40. Qxh6 Bb5 41. Ng3 Qxa5 42. Qf8+ Kc7 43. Qc5+ Kb8 44. Nf5 Qd2+ 45. Kg3 Qe1+ 46. Kh2 Qf2 47. Qxd5 Bf1 48. Qd6+ Ka7 49. Qc5+ Ka8 50. Qc8+ Ka7 51. Qc5+ Ka8 52. Qc8+ Ka7 53. Qc5+ 1/2-1/2


[Site "https://www.chess.com"]

[Event "Titled Tuesday Blitz February 21 Late 2023"]
[White "Thomforde-Toates, Noah"]
[Black "Lorenzo De La Riva, Lazaro"]
[WhiteFideId "30951992"]
[BlackFideId "2268809"]
[WhiteElo "2124"]
[BlackElo "2404"]
[Result "1-0"]
[Round "04"]
[TimeControl "180+2"]
[Date "2023.02.21"]
[WhiteClock "0:00:31"]
[BlackClock "0:00:01"]

1. e4 d6 2. d4 Nf6 3. Nc3 c6 4. a4 g6 5. Nf3 Bg7 6. Bf4 O-O 7. Qd2 Nbd7 8. Be2 e5 9. dxe5 dxe5 10. Nxe5 Nxe5 11. Qxd8 Rxd8 12. Bxe5 Re8 13. f4 Nd7 14. Bxg7 Kxg7 15. O-O-O Nc5 16. Bf3 a5 17. b3 h5 18. g3 Re7 19. Rd6 Bg4 20. Bg2 Be6 21. h4 Bg4 22. e5 Bf5 23. Rhd1 Ree8 24. R1d2 Rab8 25. Ne2 Be4 26. Nc3 Bf5 27. Kb2 Kf8 28. Nd1 Be4 29. R6d4 Bf5 30. Ne3 Be6 31. Kc3 Rec8 32. Nc4 b5 33. Nd6 Rc7 34. Ne4 Nxe4+ 35. Bxe4 b4+ 36. Kb2 Ke7 37. Rd6 Rbc8 38. Bd3 c5 39. Bc4 Bxc4 40. bxc4 Ra8 41. Rb6 Raa7 42. Rd5 Ra8 43. Rb5 Raa7 44. Rbxc5 Rxc5 45. Rxc5 Ke6 46. Rd5 Kf5 47. Kb3 Ke4 48. Rd6 Kf3 49. Rd3+ Ke4 50. c5 Kf5 51. Kc4 Ke6 52. Rd6+ Ke7 53. c6 Rc7 54. Kb5 Rc8 55. Kxa5 Rb8 56. Ka6 b3 57. cxb3 1-0


[Site "https://www.chess.com"]

[Event "Titled Tuesday Blitz February 21 Late 2023"]
[White "Fernandez Siles, Luis"]
[Black "Jeet, Jain"]
[WhiteFideId "2209420"]
[BlackFideId "5073022"]
[WhiteElo "2218"]
[BlackElo "2199"]
[Result "1-0"]
[Round "04"]
[TimeControl "180+2"]
[Date "2023.02.21"]
[WhiteClock "0:00:23"]
[BlackClock "0:00:24"]

1. d4 c6 2. e4 g6 3. Nc3 d5 4. h3 Bg7 5. Nf3 dxe4 6. Nxe4 Nd7 7. Bc4 h6 8. Bf4 Ngf6 9. Qe2 O-O 10. O-O-O b5 11. Bb3 a5 12. a3 Ba6 13. Nxf6+ Nxf6 14. Qd2 Kh7 15. g4 Nd5 16. Be5 a4 17. Bxd5 Qxd5 18. Bxg7 Kxg7 19. Qc3 e6 20. Rhe1 Kh7 21. Kb1 Rab8 22. Re5 Qd6 23. Qc5 Qd7 24. Nd2 Rfd8 25. Ne4 Kg7 26. g5 hxg5 27. Rxg5 Qc7 28. Rdg1 Qf4 29. R5g4 Qf5 30. Qc3 Rd5 31. Qxc6 Bb7 32. Qc7 Rdd8 33. Rxg6+ Qxg6 34. Rxg6+ Kxg6 35. Qg3+ Kf5 36. Qg4# 1-0


[Site "https://www.chess.com"]

[Event "Titled Tuesday Blitz February 21 Late 2023"]
[White "Bach, Matthias"]
[Black "Zarnicki, Pablo"]
[WhiteFideId "4603168"]
[BlackFideId "100137"]
[WhiteElo "2214"]
[BlackElo "2514"]
[Result "1-0"]
[Round "04"]
[TimeControl "180+2"]
[Date "2023.02.21"]
[WhiteClock "0:00:34"]
[BlackClock "0:00:33"]

1. d4 Nf6 2. c4 e6 3. Nc3 Bb4 4. Bg5 h6 5. Bh4 c5 6. d5 d6 7. e3 g5 8. Bg3 Ne4 9. Qc2 Qa5 10. Ne2 e5 11. f3 Bxc3+ 12. bxc3 Nxg3 13. Nxg3 Nd7 14. Bd3 Nb6 15. O-O Qa4 16. Qb3 Bd7 17. f4 f6 18. fxe5 Qxb3 19. axb3 fxe5 20. Bg6+ Kd8 21. Rf6 Kc7 22. Ne4 Nc8 23. b4 b6 24. Rf7 a5 25. Nf6 Rd8 26. Bf5 Ra7 27. Nxd7 axb4 28. Rxa7+ Nxa7 29. Nxc5+ Kb8 30. Na6+ Ka8 31. cxb4 h5 32. Bd7 g4 33. b5 e4 34. Bc6+ Nxc6 35. bxc6 h4 36. Rb7 g3 37. Nc7# 1-0


[Site "https://www.chess.com"]

[Event "Titled Tuesday Blitz February 21 Late 2023"]
[White "Goroshkov, Maksym"]
[Black "Leonte, Sebastian-Marian"]
[WhiteFideId "14142716"]
[BlackFideId "1268767"]
[WhiteElo "2287"]
[BlackElo "1279"]
[Result "1-0"]
[Round "04"]
[TimeControl "180+2"]
[Date "2023.02.21"]
[WhiteClock "0:00:35"]
[BlackClock "0:00:02"]

1. e4 e5 2. d4 exd4 3. c3 d3 4. Bxd3 Nc6 5. Nf3 Nf6 6. e5 Ng4 7. O-O d6 8. Bg5 f6 9. exf6 Nxf6 10. Nd4 Ne5 11. Bf5 Bxf5 12. Nxf5 Qd7 13. Nd4 O-O-O 14. a4 h6 15. Bh4 g5 16. Bg3 h5 17. Na3 Neg4 18. h4 Ne4 19. hxg5 Nxg3 20. fxg3 Ne3 21. Qf3 Nxf1 22. Re1 Bg7 23. Qxf1 Bxd4+ 24. cxd4 Rde8 25. Nb5 Kb8 26. Nc3 Rxe1 27. Qxe1 Re8 28. Qf2 Qg4 29. Qf7 Qxd4+ 30. Kh2 Qe5 31. Nb5 Qe7 32. Qf2 b6 33. Qc2 a6 34. Nd4 Qd7 35. Nc6+ Kb7 36. Nb4 Re5 37. Qf2 Rc5 38. Qf3+ d5 39. Nd3 Rc4 40. Ne5 Qe6 41. Nxc4 1-0


[Site "https://www.chess.com"]

[Event "Titled Tuesday Blitz February 21 Late 2023"]
[White "Matsuura, Frederico"]
[Black "Ozates, Tuna"]
[WhiteFideId "2107848"]
[BlackFideId "6354521"]
[WhiteElo "2244"]
[BlackElo "2251"]
[Result "0-1"]
[Round "04"]
[TimeControl "180+2"]
[Date "2023.02.21"]
[WhiteClock "0:00:01"]
[BlackClock "0:00:10"]

1. d4 Nf6 2. Bg5 Ne4 3. Bh4 c6 4. f3 g5 5. fxe4 gxh4 6. Nc3 d6 7. e3 Qb6 8. Qd2 Qxb2 9. Rb1 Qa3 10. Nf3 h3 11. g3 Bh6 12. Bc4 b5 13. Bd3 b4 14. Ne2 Ba6 15. O-O c5 16. Nf4 c4 17. Be2 Nc6 18. d5 Ne5 19. Nd4 c3 20. Qd1 Rb8 21. Nf5 Bg5 22. Bxa6 Qxa6 23. Qh5 Bxf4 24. exf4 Ng6 25. e5 Qb6+ 26. Kh1 Qc5 27. Rbd1 dxe5 28. fxe5 Qc4 29. Rfe1 Qxa2 30. d6 Qxc2 31. Qf3 b3 32. Qc6+ Kf8 33. dxe7+ Nxe7 0-1


[Site "https://www.chess.com"]

[Event "Titled Tuesday Blitz February 21 Late 2023"]
[White "Grigoriants, Sergey"]
[Black "Sailer, Mike"]
[WhiteFideId "4130804"]
[BlackFideId "2012901"]
[WhiteElo "2562"]
[BlackElo "2109"]
[Result "1-0"]
[Round "04"]
[TimeControl "180+2"]
[Date "2023.02.21"]
[WhiteClock "0:00:31"]
[BlackClock "0:00:02"]

1. d4 d5 2. c4 Bf5 3. cxd5 Bxb1 4. Rxb1 Qxd5 5. a3 Nc6 6. Nf3 O-O-O 7. e3 e5 8. Be2 exd4 9. exd4 Nxd4 10. Nxd4 Qxd4 11. Qc2 Bd6 12. O-O Nf6 13. Bf3 Rhe8 14. g3 Qc5 15. Qb3 Qb6 16. Qxf7 Rf8 17. Qc4 c6 18. Be3 Qc7 19. Bxa7 h5 20. Be3 h4 21. Qxh4 Rh8 22. Qc4 Qd7 23. h4 Qh3 24. Bg2 Qf5 25. Bg5 Rdf8 26. Rbe1 Kb8 27. Qe6 Qc5 28. b4 1-0


[Site "https://www.chess.com"]

[Event "Titled Tuesday Blitz February 21 Late 2023"]
[White "Dourerassou, Jonathan"]
[Black "Rottenwohrer Suarez, Juan"]
[WhiteFideId "628050"]
[BlackFideId "32068182"]
[WhiteElo "2414"]
[BlackElo "2265"]
[Result "0-1"]
[Round "04"]
[TimeControl "180+2"]
[Date "2023.02.21"]
[WhiteClock "0:01:22"]
[BlackClock "0:01:14"]

1. d4 Nf6 2. Bg5 c5 3. Bxf6 gxf6 4. d5 Qb6 5. Qc1 f5 6. c4 Bg7 7. Nc3 d6 8. e3 Nd7 9. Nh3 Ne5 10. Be2 Qb4 11. a3 Qb3 12. Nd1 Nd3+ 13. Bxd3 Qxd3 14. Nf4 Qb3 15. O-O b5 16. cxb5 Qxb5 17. Nc3 Qb3 18. a4 Bd7 19. Ra3 Qc4 20. Qd2 Rb8 21. Rc1 Qb4 22. Nd3 Qb7 23. g3 O-O 24. a5 Bxc3 25. Rcxc3 Qxd5 26. Qe2 Bc6 27. e4 Qxe4 28. Qxe4 fxe4 29. Nf4 Rxb2 30. Rc1 Rfb8 31. Raa1 e3 32. fxe3 e5 33. Nd3 Rg2+ 34. Kf1 Rxh2 35. Ne1 Rbb2 36. Rab1 Rh1# 0-1


[Site "https://www.chess.com"]

[Event "Titled Tuesday Blitz February 21 Late 2023"]
[White "Ezat, Mohamed"]
[Black "Oro, Faustino"]
[WhiteFideId "10600906"]
[BlackFideId "20000197"]
[WhiteElo "2402"]
[BlackElo "2269"]
[Result "0-1"]
[Round "04"]
[TimeControl "180+2"]
[Date "2023.02.21"]
[WhiteClock "0:00:13"]
[BlackClock "0:00:17"]

1. d4 Nf6 2. c4 e6 3. Nc3 d5 4. cxd5 exd5 5. Bg5 Be7 6. e3 O-O 7. Bd3 Re8 8. Nge2 h6 9. Bxf6 Bxf6 10. O-O c6 11. b4 Nd7 12. b5 Nf8 13. bxc6 bxc6 14. Qc2 Qd6 15. Na4 Ne6 16. Rfc1 Bd7 17. Rab1 Reb8 18. Bf5 Be7 19. h3 Be8 20. Rb3 Nc7 21. Nc5 g6 22. Bd3 Qf6 23. Rcb1 Rxb3 24. Rxb3 Bd6 25. e4 dxe4 26. Nxe4 Qe7 27. Rb7 Qd8 28. Bc4 Bf8 29. Nc5 Nd5 30. Nc3 Bg7 31. Bxd5 cxd5 32. Qd3 Bc6 33. Rb1 Qf6 34. Rd1 Re8 35. Qa6 Qd6 36. Nb5 Qf6 37. Nc7 Re7 38. N7e6 Rxe6 39. Nxe6 Qxe6 40. Qxa7 Kh7 41. Qb6 Ba4 42. Qxe6 fxe6 43. Rd3 Bc2 44. Rd2 Ba4 45. Re2 Bd7 46. Rd2 Kg8 47. a3 Kf7 48. Ra2 Bxd4 49. a4 Ke7 50. a5 e5 51. a6 Ba7 52. Rb2 Bc6 53. Kf1 Kd6 54. Ke1 d4 55. Kd2 e4 56. Rb1 e3+ 57. fxe3 dxe3+ 58. Ke2 Bxg2 59. Rg1 Be4 60. Rg4 Bf5 61. Rb4 Bc8 62. Ra4 Kc5 63. Ra1 Kb5 64. Rb1+ Kxa6 65. Ra1+ Kb7 66. Rb1+ Bb6 67. Rc1 Bxh3 68. Rg1 g5 69. Rh1 Bg4+ 70. Ke1 h5 71. Rg1 Ba5+ 72. Kf1 e2+ 73. Kg2 e1=Q 74. Rxe1 Bxe1 75. Kh2 Ba5 76. Kg3 Bc7+ 77. Kg2 Bf5 78. Kh1 Be4+ 79. Kg1 h4 80. Kf2 g4 81. Kg1 Bb6+ 82. Kh2 g3+ 83. Kh3 g2 84. Kxh4 g1=Q 85. Kh5 Qg6+ 86. Kh4 Bf2+ 87. Kh3 Qg3# 0-1


[Site "https://www.chess.com"]

[Event "Titled Tuesday Blitz February 21 Late 2023"]
[White "Arencibia Monduy, Antonio"]
[Black "Solon, Nathan"]
[WhiteFideId "3507939"]
[BlackFideId "2017229"]
[WhiteElo "2122"]
[BlackElo "2306"]
[Result "0-1"]
[Round "04"]
[TimeControl "180+2"]
[Date "2023.02.21"]
[WhiteClock "0:01:38"]
[BlackClock "0:02:02"]

1. e4 c5 2. Nf3 e6 3. c3 Nf6 4. e5 Nd5 5. d4 cxd4 6. cxd4 b6 7. Nc3 Nxc3 8. bxc3 Bb7 9. Bd3 d6 10. exd6 Bxd6 11. O-O Nd7 12. Qe2 O-O 13. Bd2 Qc7 14. h3 Rac8 15. Rfe1 h6 16. Rac1 Rfe8 17. Ne5 Bxe5 18. dxe5 Nc5 19. Bb1 Red8 20. Bf4 Qc6 21. Qg4 Kh8 22. Qh4 Qxg2# 0-1


[Site "https://www.chess.com"]

[Event "Titled Tuesday Blitz February 21 Late 2023"]
[White "reevecanada"]
[Black "Averjanov, Alexey"]
[BlackFideId "14109867"]
[WhiteElo "2441"]
[BlackElo "2399"]
[Result "0-1"]
[Round "04"]
[TimeControl "180+2"]
[Date "2023.02.21"]
[WhiteClock "0:00:49"]
[BlackClock "0:01:09"]

1. e4 c6 2. c4 d5 3. cxd5 cxd5 4. exd5 Nf6 5. Nc3 Nxd5 6. Nf3 Nc6 7. Bb5 g6 8. Qa4 Nb6 9. Qh4 Bg7 10. O-O O-O 11. Bxc6 bxc6 12. d4 Nd5 13. Bh6 Bf6 14. Qe4 Bf5 15. Qe2 Nxc3 16. bxc3 Bg7 17. Bxg7 Kxg7 18. Nh4 Be6 19. Rfd1 Qd6 20. c4 Rfd8 21. Qe3 Rab8 22. h3 Bxc4 23. Qg5 Qf6 24. Qg3 Rb2 25. Rac1 Bd5 26. a4 Rdb8 27. Kh2 Qxf2 28. Qe5+ Kg8 29. Rd2 Qxd2 0-1


[Site "https://www.chess.com"]

[Event "Titled Tuesday Blitz February 21 Late 2023"]
[White "Kanakaris, Georgios"]
[Black "Hernandez Sanchez, Elvis De La Caridad"]
[WhiteFideId "4209460"]
[BlackFideId "6400353"]
[WhiteElo "2391"]
[BlackElo "2243"]
[Result "1/2-1/2"]
[Round "04"]
[TimeControl "180+2"]
[Date "2023.02.21"]
[WhiteClock "0:00:14"]
[BlackClock "0:00:06"]

1. d4 Nf6 2. Nf3 b6 3. g3 Bb7 4. Bg2 g6 5. O-O Bg7 6. c4 O-O 7. Nc3 Ne4 8. Qc2 Nxc3 9. Qxc3 c5 10. Be3 Bxf3 11. Bxf3 Nc6 12. Bxc6 dxc6 13. Rfd1 cxd4 14. Bxd4 Bxd4 15. Rxd4 Qc7 16. Rad1 Rad8 17. Qd2 Rxd4 18. Qxd4 c5 19. Qd5 e6 20. Qd6 Rc8 21. h4 h5 22. e3 Qxd6 23. Rxd6 Rc7 24. Rd8+ Kg7 25. Kf1 Kf6 26. Ke2 Ke7 27. Ra8 Rd7 28. f3 e5 29. g4 hxg4 30. fxg4 f5 31. g5 Ke6 32. Re8+ Kf7 33. Rxe5 Rd8 34. Rd5 Rh8 35. Rd7+ Ke6 36. Rg7 Rxh4 37. Rxg6+ Ke5 38. Rh6 Rxc4 39. Kf3 Rg4 40. g6 Kf6 41. Rh7 Rxg6 42. Rxa7 Ke5 43. Rd7 Rh6 44. a4 Rh3+ 45. Kf2 Rh2+ 46. Kf3 Rxb2 47. Rb7 Rb4 48. Ke2 Ke4 49. Re7+ Kd5 50. Rf7 Ke6 51. Rb7 Ke5 52. Kd3 Kd5 53. Rd7+ Kc6 54. Rf7 Rxa4 55. Rxf5 Ra3+ 56. Ke4 b5 57. Rf6+ Kc7 58. Kd5 c4 59. Kc5 c3 60. Kb4 c2 61. Rf1 Rxe3 62. Rc1 Re2 63. Kxb5 Kd6 64. Kc4 Ke5 65. Kd3 Rh2 66. Rxc2 Rxc2 67. Kxc2 1/2-1/2


[Site "https://www.chess.com"]

[Event "Titled Tuesday Blitz February 21 Late 2023"]
[White "sissahungrychess"]
[Black "Domingo Nunez, Ruben"]
[BlackFideId "22245570"]
[WhiteElo "2453"]
[BlackElo "2416"]
[Result "1-0"]
[Round "04"]
[TimeControl "180+2"]
[Date "2023.02.21"]
[WhiteClock "0:01:14"]
[BlackClock "0:00:17"]

1. c4 g6 2. g3 Bg7 3. Bg2 d6 4. Nf3 Nd7 5. O-O Ngf6 6. Nc3 O-O 7. d4 c5 8. e3 Rb8 9. Re1 a6 10. dxc5 Nxc5 11. Nd4 Bd7 12. b3 b5 13. cxb5 axb5 14. Bb2 b4 15. Nce2 Qa5 16. Nc6 Bxc6 17. Bxc6 Rfc8 18. Bg2 Qa6 19. Nf4 Ne6 20. Bf1 Qa7 21. Nxe6 fxe6 22. Bh3 Kf7 23. e4 Qc5 24. e5 Ne8 25. Bxe6+ Kxe6 26. exd6+ Kd7 27. Rxe7+ Kd8 28. Bxg7 Qxd6 29. Rxe8+ 1-0


[Site "https://www.chess.com"]

[Event "Titled Tuesday Blitz February 21 Late 2023"]
[White "Prydun, Andriy"]
[Black "Maltsevskaya, Aleksandra"]
[WhiteFideId "14145898"]
[BlackFideId "24174041"]
[WhiteElo "2134"]
[BlackElo "2390"]
[Result "0-1"]
[Round "04"]
[TimeControl "180+2"]
[Date "2023.02.21"]
[WhiteClock "0:00:02"]
[BlackClock "0:01:10"]

1. e4 c6 2. d4 d5 3. e5 Bf5 4. Bd3 Bxd3 5. cxd3 e6 6. Nc3 h5 7. Nce2 Ne7 8. Nf4 Nf5 9. Nf3 h4 10. h3 Bb4+ 11. Bd2 a5 12. a3 Be7 13. Rc1 Qb6 14. Bc3 Qa6 15. O-O b5 16. Qb3 b4 17. axb4 axb4 18. Bd2 Nd7 19. Ra1 Qxa1 20. Rxa1 Rxa1+ 21. Kh2 O-O 22. Qc2 c5 23. dxc5 Bxc5 24. d4 Nxd4 25. Nxd4 Bxd4 26. Nd3 Nxe5 27. Bxb4 Nxd3 28. Qxd3 Bxf2 29. g4 hxg3+ 30. Kg2 Rg1+ 31. Kf3 Rh1 32. Bxf8 Kxf8 33. Qa3+ Kg8 34. Qe7 g6 35. Qd8+ Kg7 36. Qb8 Rxh3 37. Qe5+ Kg8 38. Qb8+ Kg7 39. Qe5+ Kh7 40. Qf6 Kg8 41. Qd8+ Kg7 42. Qb8 Rh5 43. Qd6 Rf5+ 44. Kg2 Bd4 45. Qxg3 Bxb2 46. Qb3 Bf6 47. Kg3 d4 48. Kg4 e5 49. Kg3 e4 50. Kg4 e3 51. Qd3 Be5 52. Qe2 Rf2 53. Qe1 f5+ 54. Kh4 Rh2+ 55. Kg5 Rh5# 0-1


[Site "https://www.chess.com"]